 Dungeon Crawl Stone Soup version 0.26-a0-712-ga5a9c9c9d0 (webtiles) character file.

Game seed: 14706077926429793626

1632 ipx the Geomancer (level 8, 0/41 HPs)
             Began as a Deep Elf Earth Elementalist on Nov 2, 2020.
             Was an Initiate of Sif Muna.
             Slain by Joseph
             ... wielding a +0 quarterstaff
              (16 damage)
             ... on level 7 of the Dungeon.
             The game lasted 00:29:28 (2312 turns).

ipx the Geomancer (Deep Elf Earth Elementalist)     Turns: 2312, Time: 00:29:28

Health: 0/41       AC:  3    Str:  5    XL:     8   Next: 66%
Magic:  11/22      EV: 15    Int: 23    God:    Sif Muna [......]
Gold:   266        SH:  0    Dex: 15    Spells: 12/23 levels left

rFire    . . .     SeeInvis .   a - +2 dagger (venom)
rCold    . . .     Faith    .   (no shield)
rNeg     . . .     Spirit   .   m - +0 robe (curse)
rPois    .         Reflect  .   (no helmet)
rElec    .         Harm     .   g - +0 cloak
rCorr    .         Rampage  .   (no gloves)
MR       +....                  (no boots)
Stlth    ++........             (no amulet)
HPRegen  0.13/turn              M - ring of protection from magic
MPRegen  0.18/turn              (no ring)

@: no status effects
A: no striking features
a: Renounce Religion


You were on level 7 of the Dungeon.
You worshipped Sif Muna.
Sif Muna was noncommittal.
You visited 2 branches of the dungeon, and saw 8 of its levels.

You collected 266 gold pieces.

Inventory:

Hand Weapons
 a - a +2 dagger of venom (weapon)
 s - a +3 quarterstaff
Missiles
 b - 10 stones
 c - 2 boomerangs
 d - 5 poisoned darts (quivered)
 n - 2 silver boomerangs
Armour
 g - a +0 cloak (worn)
 m - a cursed +0 robe (worn)
Jewellery
 M - a ring of protection from magic (left hand)
Wands
 l - a wand of acid (1)
Scrolls
 f - 2 scrolls of remove curse
 j - a scroll of enchant armour
 k - 4 scrolls of teleportation
 p - 2 scrolls of enchant weapon
 r - a scroll of identify
 t - a scroll of holy word
Potions
 e - 3 potions of curing
 i - 3 potions of flight {unknown}
 o - 2 potions of haste {unknown}
 q - 2 potions of brilliance {unknown}


   Skills:
 + Level 4.6 Dodging
 - Level 2.4 Stealth
 + Level 8.3 Spellcasting
 - Level 5.0 Conjurations
 - Level 1.1 Transmutations
 + Level 8.3 Earth Magic
 - Level 2.0 Evocations


You had 12 spell levels left.
You knew the following spells:

 Your Spells              Type           Power        Failure   Level
d - Lee's Rapid Deconstr  Erth           #####.....   6%          5
q - Sandblast             Erth           #####.       1%          1
r - Stone Arrow           Conj/Erth      #####.       1%          3
w - Passwall              Tmut/Erth      ####....     1%          2

Your spell library contained the following spells:

 Spells                   Type           Power        Failure   Level
 Petrify                  Tmut/Erth      ####....     10%         4


Dungeon Overview and Level Annotations

Branches:
Dungeon (7/15)             Temple (1/1) D:6

Altars:
Ashenzari
Cheibriados
Dithmenos
Fedhas
Gozag
Hepliaklqana
Kikubaaqudgha
Qazlal
Sif Muna
Wu Jian
Xom
Yredelemnul
Zin
The Shining One

Annotations:
D:7 Joseph, Maggie


Message History

Press: ? - help, Shift-Dir - straight line, f/p - Joseph
Aim: Joseph, wielding a +0 hunting sling, wearing a +0 leather armour and quivering 28 sling bullets (lightly wounded)
The bolt of acid misses Joseph.
Casting: Stone Arrow (safe; 1% risk of failure)
Confirm with . or Enter, or press ? or * to list all spells.
Aiming: Stone Arrow (safe; 1% risk of failure)
Press: ? - help, Shift-Dir - straight line, f/p - Joseph
Aim: Joseph, wielding a +0 hunting sling, wearing a +0 leather armour and quivering 28 sling bullets (lightly wounded)
The stone arrow hits Joseph!
Joseph is moderately wounded.
Joseph unwields a +0 hunting sling.
Joseph wields a +0 quarterstaff.
Joseph hits you with a +0 quarterstaff!
Evoke which item? (* to show all) (? for menu, Esc to quit)
Aiming: Corrosive Bolt
Press: ? - help, Shift-Dir - straight line, f/p - Joseph
Aim: Joseph, wielding a +0 quarterstaff, wearing a +0 leather armour and quivering 28 sling bullets (moderately wounded)
The bolt of acid hits Joseph!
Joseph is splashed with acid.
Joseph is heavily wounded.
Joseph hits you with a +0 quarterstaff!
You die...

##+++#PPPPP...##
P♣♣♣♣....♣.P.♣P...#
PP♣PP[..!..♣P.....#
♣P♣P.....P......##
.P.............##
.......(.(.#####
.###.....###
#####)..##
#...@@..# #...#####
#... #.. #@ +#+ ...
...


You could see Joseph.

Vanquished Creatures
  Pikel (D:7)
  An orc warrior (D:6)
  A phantom (D:6)
  A centaur (D:4)
  3 bullfrogs (D:6)
  2 scorpions
  3 hounds
  A jelly (D:5)
  5 orc wizards
  Jessica (D:2)
  2 iguanas (D:4)
  3 worker ants
  2 hound zombies
  A hound skeleton (D:6)
  5 adders
  A shadow imp (D:5)
  An ooze (D:1)
  An adder skeleton (D:6)
  A worm (D:6)
  6 leopard geckos
  28 orcs
  8 giant cockroaches
  3 goblins
  6 hobgoblins
  2 jackals (D:6)
  2 quokkas (D:2)
  3 ball pythons
  4 bats
  4 frilled lizards
  5 kobolds
  A leopard gecko zombie (D:6)
  4 rats (D:1)
112 creatures vanquished.

Vanquished Creatures (others)
  4 plants (D:7)
4 creatures vanquished.

Grand Total: 116 creatures vanquished

Notes
Turn   | Place    | Note
-------+----------+-------------------------------------------
     0 | D:1      | ipx the Deep Elf Earth Elementalist began the quest for the
                  | Orb.
     0 | D:1      | Reached XP level 1. HP: 10/10 MP: 6/6
    69 | D:1      | Reached XP level 2. HP: 15/15 MP: 0/8
   284 | D:2      | Noticed Jessica
   291 | D:2      | Killed Jessica
   291 | D:2      | Reached skill level 5 in Earth Magic
   291 | D:2      | Reached XP level 3. HP: 19/19 MP: 4/9
   296 | D:2      | Learned a level 3 spell: Stone Arrow
   321 | D:2      | Found an ornate altar of the Wu Jian Council.
   386 | D:2      | Reached skill level 1 in Conjurations
   386 | D:2      | Reached XP level 4. HP: 24/24 MP: 1/10
   646 | D:3      | Reached skill level 1 in Evocations
   732 | D:3      | Found an ancient bone altar of Kikubaaqudgha.
   807 | D:3      | Reached XP level 5. HP: 28/28 MP: 5/11
   817 | D:3      | Found a broken altar of Ashenzari.
   919 | D:4      | Noticed a centaur
   922 | D:4      | Killed a centaur
   927 | D:4      | Reached XP level 6. HP: 30/32 MP: 2/12
  1196 | D:4      | Reached skill level 5 in Conjurations
  1201 | D:3      | Found a stormy altar of Qazlal.
  1287 | D:5      | Entered Level 5 of the Dungeon
  1306 | D:5      | Found a hazy altar of Hepliaklqana.
  1315 | D:5      | Learned a level 2 spell: Passwall
  1602 | D:5      | Reached XP level 7. HP: 36/36 MP: 11/16
  1740 | D:6      | Reached skill level 5 in Spellcasting
  2115 | D:6      | Reached XP level 8. HP: 41/41 MP: 16/20
  2131 | D:6      | Learned a level 5 spell: Lee's Rapid Deconstruction
  2148 | D:6      | Found a staircase to the Ecumenical Temple.
  2153 | Temple   | Entered the Ecumenical Temple
  2203 | Temple   | Became a worshipper of Sif Muna the Loreminder
  2256 | D:7      | Noticed Maggie
  2272 | D:7      | Noticed Pikel
  2287 | D:7      | Killed Pikel
  2304 | D:7      | Noticed Joseph
  2312 | D:7      | Slain by Joseph

Illustrated notes

Levels and vault maps discovered:
D:1:      minmay_arrival_checkered_box, layout_loops_ring
D:2:      layout_basic, marbit_many_paths, st_stairs_1, hex_intersection,
          uniq_robin, uniq_jessica
D:3:      layout_rooms, old_standard_altar, nicolae_overflow_hidden_temple,
          kennysheep_generic_room_10
D:4:      layout_basic
D:5:      layout_gridville, lemuel_doored_altar
D:6:      layout_layer_cave, minmay_temple_entry_wispy,
          kennysheep_generic_room_15
D:7:      kennysheep_housing_project, layout_basic, okawaru_metal_pillars_1_2,
          lemuel_crystal_altar, hex_tiny, lemuel_centaur_altar, uniq_menkaure,
          uniq_joseph, uniq_maggie, uniq_pikel, uniq_crazy_yiuf_cottage
Temple:   compressed_dpeg_triangle_lava_temple

Skill      XL: |  1  2  3  4  5  6  7  8 |
---------------+-------------------------+-----
Earth Magic    | 4 5 6 7 8 |  8.3
Conjurations   | 1 2 4 5 |  5.0
Evocations     | 2 |  2.0
Spellcasting   | 4 6 8 |  8.3
Dodging        | 4 |  4.6
Stealth        | |  2.4
Transmutations | |  1.1

Action                   |  1- 3 |  4- 6 |  7- 9 || total
-------------------------+-------+-------+-------++-------
Melee: Dagger            |       |    12 |    12 ||    24
Throw: Dart              |       |       |     7 ||     7
 Cast: Sandblast         |    38 |    57 |    37 ||   132
       Stone Arrow       |       |    15 |    15 ||    30
Evoke: Wand              |       |       |     5 ||     5
  Use: Scroll            |       |     5 |     2 ||     7
       Potion            |       |     1 |       ||     1
Armor: Robe              |     3 |     4 |     3 ||    10
Dodge: Dodged            |     5 |    15 |    18 ||    38

Table legend: (Time is in decaauts)
 A = Elapsed time spent in this place.
 B = Non-inter-level travel time spent in this place.
 C = Inter-level travel time spent in this place.
 D = Time resting spent in this place.
 E = Time spent auto-exploring this place.
 F = Levels seen in this place.
 G = Mean time per level.
                   A        B        C        D        E       F      G
               +--------+--------+--------+--------+--------+-----+--------+
         Total |   2338 |   2291 |     47 |      0 |      0 |   8 |  292.2 |
       Dungeon |   2276 |   2239 |     37 |      0 |      0 |   7 |  325.1 |
        Temple |     61 |     51 |     10 |      0 |      0 |   1 |   61.0 |
               +--------+--------+--------+--------+--------+-----+--------+

Top non-repeatable levels by time:
     D:6: 527 daAuts
     D:4: 441 daAuts
     D:5: 390 daAuts
     D:2: 378 daAuts
     D:1: 262 daAuts
     D:3: 233 daAuts
  Temple: 61 daAuts
     D:7: 44 daAuts
